 Dungeon Crawl Stone Soup version 0.20.1-1-g8b1a95d (webtiles) character file.

525 Gremour the Slasher (level 7, -3/41 HPs)
             Began as a Gargoyle Monk on Dec 26, 2017.
             Was a Priest of Qazlal.
             Slain by an ogre
             ... wielding a +0 giant spiked club
              (11 damage)
             ... on level 5 of the Dungeon.
             The game lasted 00:16:49 (4434 turns).

Gremour the Slasher (Gargoyle Monk)                 Turns: 4434, Time: 00:16:50

Health: -3/41      AC: 12    Str: 14    XL:     7   Next: 22%
Magic:  7/7        EV:  7    Int: 11    God:    Qazlal [***...]
Gold:   196        SH:  8    Dex: 14    Spells: 6/6 levels left

rFire    + . .     SeeInvis .   a - +0 falchion
rCold    . . .     Gourm    .   n - +0 buckler
rNeg     + . .     Faith    .   i - +0 chain mail
rPois    ∞         Spirit   .   (no helmet)
rElec    +         Reflect  .   (no cloak)
rCorr    .         Harm     .   (no gloves)
MR       .....                  (no boots)
Stlth    ..........             (no amulet)
Regen    0.2/turn               d - +1 ring of evasion
MPRegen  0.1/turn               b - ring of protection from fire

@: hasted, very quick
A: negative energy resistance 1, electricity resistance, unbreathing,
petrification resistance, rot immunity, AC +4
a: Upheaval, Elemental Force, Renounce Religion


You were on level 5 of the Dungeon.
You worshipped Qazlal.
Qazlal was most pleased with you.
You were not hungry.

You visited 1 branch of the dungeon, and saw 5 of its levels.

You collected 196 gold pieces.

Inventory:

Hand Weapons
 a - a +0 falchion (weapon)
Armour
 i - a +0 chain mail (worn)
 n - a +0 buckler (worn)
Jewellery
 b - a ring of protection from fire (right hand)
 d - a +1 ring of evasion (left hand)
 x - an uncursed ring of ice {unknown}
Wands
 v - a wand of lightning (6/15)
Scrolls
 e - 2 scrolls of immolation {unknown}
 f - 3 scrolls of recharging {unknown}
 h - 2 scrolls of blinking {unknown}
 j - 4 scrolls of identify {unknown}
 q - 3 scrolls of remove curse {unknown}
 r - a scroll of amnesia {unknown}
 s - a scroll of teleportation {unknown}
 t - 2 scrolls of enchant armour {unknown}
 w - a scroll of fog {unknown}
Potions
 k - 3 potions of curing {unknown}
 l - a potion of resistance {unknown}
 m - 2 potions of haste
 o - a potion of lignification {unknown}
Comestibles
 c - 4 bread rations
 g - a meat ration
 p - 2 royal jellies


   Skills:
 - Level 3.2 Fighting
 + Level 7.2 Long Blades
 - Level 2.4 Dodging
 - Level 2.1 Stealth
 + Level 1.0 Shields


You had 6 spell levels left.
You didn't know any spells.

Dungeon Overview and Level Annotations

Branches:
Dungeon (5/15)             Temple (0/1) D:4

Altars:
Elyvilon
Gozag
Qazlal
Uskayaw


Innate Abilities, Weirdness & Mutations

You are resistant to torment.
Your stone body is resilient. (AC +4)
You are immune to poison.
You resist negative energy. (rN+)
You are resistant to electric shocks. (rElec)
You can survive without breathing.
You are immune to petrification.
You are immune to rotting.


Message History

You slash the bullfrog skeleton!
You destroy the bullfrog skeleton!
Qazlal accepts your kill.
Your Shields skill increases to level 1!
You hit the ogre.
The ogre is moderately wounded.
The ogre hits you with a giant spiked club.
You hit the ogre.
The ogre is heavily wounded.
The ogre closely misses you.
You riposte.
You hit the ogre.
The ogre is severely wounded.
You completely miss the ogre.
The ogre is severely wounded.
You hit the ogre.
The ogre is severely wounded.
The ogre hits you with a giant spiked club!
* * * LOW HITPOINT WARNING * * *
It was a potion of haste.
You feel yourself speed up.
The ogre hits you with a giant spiked club!
You die...

##.............
#...............
#...............
................
................
................
.....<..........
.......@§§.....#
......§O§§....#
...##.##.###### .
#.#..##...#
#.#....o..#########
.........>....#.....##
.......#.............#
...#.#.................
.....#.#...............


You could see an ogre.

Vanquished Creatures
  A phantom (D:4)
  An ogre (D:4)
  An orc priest (D:5)
  A bullfrog skeleton (D:5)
  An orc wizard (D:3)
  An iguana (D:4)
  A worker ant (D:4)
  A gnoll (D:2)
  6 adders
  2 oozes
  3 worms
  5 dart slugs
  3 leopard geckos (D:1)
  16 orcs
  2 giant cockroaches
  4 goblins
  3 hobgoblins (D:1)
  21 jackals
  4 kobolds
  4 quokkas
  A ball python (D:3)
  13 bats
  2 frilled lizards
  A quokka skeleton (D:4)
  7 rats
105 creatures vanquished.

Notes
Turn   | Place    | Note
-------+----------+-------------------------------------------
     0 | D:1      | Gremour the Gargoyle Monk began the quest for the Orb.
     0 | D:1      | Reached XP level 1. HP: 14/14 MP: 1/1
    95 | D:1      | Reached skill level 3 in Long Blades
    98 | D:1      | Reached XP level 2. HP: 19/19 MP: 2/2
   312 | D:1      | Reached XP level 3. HP: 19/23 MP: 3/3
   717 | D:1      | Reached skill level 4 in Long Blades
  1054 | D:2      | Reached XP level 4. HP: 12/28 MP: 4/4
  1260 | D:2      | Found a stormy altar of Qazlal.
  1267 | D:2      | Became a worshipper of Qazlal Stormbringer
  1267 | D:2      | Reached * piety under Qazlal
  1267 | D:2      | Reached ** piety under Qazlal
  1819 | D:3      | Reached skill level 5 in Long Blades
  1873 | D:3      | Reached XP level 5. HP: 32/32 MP: 5/5
  2782 | D:3      | Reached *** piety under Qazlal
  3280 | D:4      | Noticed a dagger
  3280 | D:4      | Noticed a hand axe
  3281 | D:4      | Found a hide-covered altar of Uskayaw.
  3318 | D:4      | Found an opulent altar of Gozag.
  3345 | D:4      | Found a staircase to the Ecumenical Temple.
  3493 | D:4      | Reached skill level 6 in Long Blades
  3493 | D:4      | Reached XP level 6. HP: 13/37 MP: 6/6
  3952 | D:4      | Noticed a phantom
  4012 | D:4      | Killed a phantom
  4012 | D:4      | Reached skill level 7 in Long Blades
  4012 | D:4      | Reached XP level 7. HP: 28/41 MP: 7/7
  4124 | D:4      | Found a white marble altar of Elyvilon.
  4370 | D:5      | Entered Level 5 of the Dungeon
  4428 | D:5      | Reached skill level 1 in Shields
  4434 | D:5      | Slain by an ogre

Skill      XL: |  1  2  3  4  5  6  7 |
---------------+----------------------+-----
Long Blades    | 3 4 5 6 7 |  7.2
Shields        | 1 |  1.0
Fighting       | |  3.2
Dodging        | |  2.4
Stealth        | |  2.1

Action                   |  1- 3 |  4- 6 |  7- 9 || total
-------------------------+-------+-------+-------++-------
Melee: Falchion          |   123 |   370 |    47 ||   540
  Use: Potion            |       |       |     1 ||     1
 Stab: Sleeping          |     2 |       |       ||     2
  Eat: Chunk             |       |    11 |     1 ||    12
Armor: Robe              |    28 |       |       ||    28
       Chain mail        |    49 |   201 |    24 ||   274
Dodge: Dodged            |    82 |   115 |    17 ||   214
Block: Buckler           |       |   119 |    22 ||   141
       Rpst.: Falchion   |    22 |    38 |     6 ||    66
